 Seeded DCSS version 0.30.1-9-gdf580d7c3d (webtiles) character file.

Game seed: 6351066067085065685 (custom seed)

118 Esekla the Magician (level 4, -1/24 HPs)
             Began as a Deep Elf Wanderer on Sept 27, 2023.
             Was a Follower of Vehumet.
             Slain by a gnoll bouda
             ... wielding a +0 club
              (3 damage)
             ... on level 4 of the Dungeon.
             The game lasted 00:26:06 (2780 turns).

Esekla the Magician (Deep Elf Wanderer)             Turns: 2780, Time: 00:26:07

Health: -1/24      AC:  4    Str: 11    XL:     4   Next: 72%
Magic:  2/14       EV: 11    Int: 20    God:    Vehumet [*.....]
Gold:   189        SH:  4    Dex: 11    Spells: 8/15 levels left

rFire   . . .        a - +1 short sword (freeze)
rCold   . . .        d - +0 buckler
rNeg    . . .        c - +0 robe
rPois   .            k - +0 helmet
rElec   .            (no cloak)
rCorr   .            j - +0 pair of gloves
SInv    .            (no boots)
Will    .....        (no amulet)
Stlth   ++           (no ring)
HPRegen 0.24/turn    (no ring)
MPRegen 0.14/turn

%: no passive effects
@: weakened
A: no striking features
a: Renounce Religion


You were on level 4 of the Dungeon.
You worshipped Vehumet.
Vehumet was aware of your devotion.
You visited 1 branch of the dungeon, and saw 4 of its levels.

You collected 189 gold pieces.

Inventory:

Hand Weapons
 a - a +1 short sword of freezing (weapon)
 r - a +0 spear
 s - the +5 rapier of the Hero {heavy, rN+ Dex+3}
   (You found it on level 3 of the Dungeon)

   Dex:       It affects your dexterity (+3).
   rN:        It protects you from negative energy.
Armour
 c - a +0 robe (worn)
 d - a +0 buckler (worn)
 j - a +0 pair of gloves (worn)
 k - a +0 helmet (worn)
Wands
 q - a wand of roots (8)
Scrolls
 g - 3 scrolls of identify {unknown}
 m - 2 scrolls of enchant weapon {unknown}
 n - a scroll of amnesia {unknown}
 o - a scroll of enchant armour {unknown}
 p - a scroll of immolation {unknown}
 t - a scroll of fog {unknown}
 v - a scroll of blinking {unknown}
Potions
 b - a potion of lignification
 e - a potion of ambrosia {unknown}
 f - 2 potions of curing {unknown}
 h - a potion of heal wounds {unknown}
 i - 2 potions of attraction {unknown}
 l - a potion of mutation {unknown}
 u - 2 potions of brilliance {unknown}
 w - a potion of haste {unknown}


   Skills:
 + Level 0.5 Short Blades
 * Level 1.7 Dodging
 + Level 1.2 Stealth
 + Level 1.6 Shields
 * Level 6.2 Spellcasting
 + Level 0.7 Conjurations
 * Level 0.7 Necromancy
 + Level 3.1 Translocations
 + Level 1.0 Invocations


You had 8 spell levels left.
You knew the following spells:

 Your Spells              Type           Power      Damage    Failure   Level
a - Magic Dart            Conj           36%        1d4       11%         1
b - Blink                 Tloc           36%        N/A       6%          2
d - Vampiric Draining     Necr           9%         2d6       32%         3
p - Apportation           Tloc           36%        N/A       4%          1

Your spell library contained the following spells:

 Spells                   Type           Power      Damage    Failure   Level
 Sandblast                Erth           12%        2d6       16%         1
 Lesser Beckoning         Tloc           36%        N/A       6%          2
 Gell's Gravitas          Tloc           18%        N/A       12%         3
 Teleport Other           Tloc           18%        N/A       12%         3
 Ignite Poison            Fire/Tmut/Pois 6%         N/A       41%         3


Dungeon Overview and Level Annotations

Branches:
Dungeon (4/15)
 Temple: D:4-7

Altars:
Hepliaklqana
Okawaru
Qazlal
Trog
Vehumet
Zin
The Shining One

Shops:
D:2 =   D:4 (


Message History

Aiming: Vampiric Draining (extremely dangerous; 32% risk of failure)
Press: ? - help, Shift-Dir - straight line, f/p - gnoll bouda
Aim: a gnoll bouda, wielding a +0 club and wearing a +0 leather armour (heavily wounded)
You draw life force from the gnoll bouda.
You feel life coursing into your body.
Your attacks no longer feel as feeble.
The gnoll bouda gazes fiercely through you!
You feel your attacks grow feeble. You block the gnoll bouda's attack.
You hear a shout!
Casting: Vampiric Draining (extremely dangerous; 32% risk of failure)
Confirm with . or Enter, or press ? or * to list all spells.
The spell is extremely dangerous to miscast (32% risk of failure)!
Continue anyway?
Aiming: Vampiric Draining (extremely dangerous; 32% risk of failure)
Press: ? - help, Shift-Dir - straight line, f/p - gnoll bouda
Aim: a gnoll bouda, wielding a +0 club and wearing a +0 leather armour (heavily wounded)
You draw life force from the gnoll bouda.
You feel life coursing into your body.
The gnoll bouda mumbles some strange prayers to its god.
The gnoll bouda is healed somewhat.
You hit the gnoll bouda. You freeze the gnoll bouda.
The gnoll bouda is almost dead.
The gnoll bouda barks out a call to the hunt!
You hit the gnoll bouda but do no damage.
The gnoll bouda is almost dead.
You barely miss the gnoll bouda.
The gnoll bouda is almost dead.
The gnoll closely misses you.
The gnoll bouda hits you with a +0 club.
You hit the gnoll bouda. You freeze the gnoll bouda.
The gnoll bouda is almost dead.
The gnoll hits you with a +0 club.
The gnoll bouda hits you with a +0 club.
* * * LOW HITPOINT WARNING * * *
You barely miss the gnoll bouda.
The gnoll bouda is almost dead.
The gnoll hits you with a +0 club.
* * * LOW HITPOINT WARNING * * *
The gnoll bouda hits you with a +0 club.
You die...

#....##...............### #.
#........................####.
#......g.......##.............
#............................# #
..........g.................
###.......g.#####)..........
........#.'#.#.#'....##....
........###g.#..##...##.... .
........##@g_#_..#....#.... ..
........##########....+....
...........##.._#_..#....#....
....####+#####..#..##.........
...........'.'#.#.#'..#......#
............###..#####...#.......
............###..........#.......
..........#.##................#..
.....#####.##..........##....#.#


You could see a gnoll bouda and a gnoll (swift).

Vanquished Creatures
  A hound (D:3)
  A gnoll (D:3)
  2 adders
  3 dart slugs
  6 orcs
  4 endoplasms
  8 goblins
  3 hobgoblins
  A quokka (D:1)
  6 ball pythons
  4 bats
  3 frilled lizards
  5 kobolds
47 creatures vanquished.

Notes
Turn   | Place    | Note
-------+----------+-------------------------------------------
     0 | D:1      | Esekla the Deep Elf Wanderer began the quest for the Orb.
     0 | D:1      | Esekla set off with the following items: a +0 club, a
                  | potion of lignification, a +0 robe, a +0 buckler; and the
                  | following spells available to memorise: Apportation, Blink,
                  | Lesser Beckoning, Magic Dart, Ignite Poison, Vampiric
                  | Draining.
     0 | D:1      | Reached XP level 1. HP: 10/10 MP: 7/7
     2 | D:1      | Learned a level 1 spell: Magic Dart
     4 | D:1      | Learned a level 1 spell: Apportation
   235 | D:2      | Found Renulab's Jewellery Shop.
   387 | D:4      | Found a radiant altar of Vehumet.
   391 | D:4      | Became a worshipper of Vehumet
   404 | D:4      | Found an iron altar of Okawaru.
   416 | D:4      | Found a glowing silver altar of Zin.
   518 | D:4      | Found Ponaysk's Antique Weapon Boutique.
   789 | D:3      | Reached XP level 2. HP: 15/15 MP: 6/9
   976 | D:3      | Identified the +5 rapier of the Hero {heavy, rN+ Dex+3}
   996 | D:2      | Learned a level 2 spell: Blink
  1148 | D:2      | Reached skill level 5 in Spellcasting
  1225 | D:1      | Reached skill level 1 in Dodging
  1225 | D:1      | Reached XP level 3. HP: 19/19 MP: 7/11
  1229 | D:1      | Learned a level 3 spell: Vampiric Draining
  1328 | D:1      | Reached * piety under Vehumet
  1328 | D:1      | Offered knowledge of Sandblast by Vehumet.
  2061 | D:2      | Noticed a black bear
  2142 | D:3      | Found a stormy altar of Qazlal.
  2160 | D:3      | Reached XP level 4. HP: 20/24 MP: 3/13
  2285 | D:3      | Found a hazy altar of Hepliaklqana.
  2287 | D:3      | Found a bloodstained altar of Trog.
  2547 | D:3      | Reached skill level 6 in Spellcasting
  2741 | D:4      | Found a glowing golden altar of the Shining One.
  2780 | D:4      | Slain by a gnoll bouda

Illustrated notes

Levels and vault maps discovered:
D:1:      sevenhm_arrival_forest_fort_small_3, layout_rooms,
          chequers_serial_rivers_room_b, minmay_misc_feat_five
D:2:      layout_loops_ring, dreamdust_ecumenical_altar_angels_and_demons,
          serial_shops, shop
D:3:      layout_basic, grunt_temple_overflow_open, minmay_misc_feat_iff
D:4:      layout_basic, nicolae_overflow_quartered_altars, serial_shops,
          nicolae_diamond_shop

Skill      XL: |  1  2  3  4 |
---------------+-------------+-----
Spellcasting   | 5 6 |  6.2
Dodging        | 1 |  1.7
Translocations | 3 |  3.1
Short Blades   | |  0.5
Stealth        | |  1.2
Shields        | |  1.6
Conjurations   | |  0.7
Necromancy     | |  0.7
Invocations    | |  1.0

Action                     |  1- 3 |  4- 6 || total
---------------------------+-------+-------++-------
  Melee: Short sword       |    73 |    38 ||   111
   Cast: Apportation       |    27 |       ||    27
         Magic Dart        |    42 |     4 ||    46
         Vampiric Draining |     4 |     6 ||    10
    Use: Scroll            |     1 |       ||     1
   Stab: Sleeping          |     2 |       ||     2
 Armour: Robe              |    24 |     4 ||    28
  Dodge: Dodged            |    55 |    21 ||    76
  Block: Buckler           |    17 |     6 ||    23
